 Dungeon Crawl Stone Soup version 0.30.1-11-g7821555f0a (webtiles) character file.

Game seed: 8678385226606717902

1821 fireball365 the Cleaver (level 8, -2/69 HPs)
             Began as a Minotaur Fighter on Nov 3, 2023.
             Was an Initiate of Gozag.
             Slain by a wight
             ... wielding a +3 flail
              (3 damage)
             ... on level 7 of the Dungeon.
             The game lasted 00:10:27 (5469 turns).

fireball365 the Cleaver (Minotaur Fighter)          Turns: 5469, Time: 00:10:28

Health: -2/69      AC: 12    Str: 24    XL:     8   Next: 85%
Magic:  7/7        EV:  7    Int:  5    God:    Gozag
Gold:   242        SH: 15    Dex: 15    Spells: 7/7 levels left

rFire   . . .        a - +0 war axe
rCold   . . .        u - +0 tower shield
rNeg    + . .        p - +0 chain mail
rPois   .            l - +2 hat
rElec   .            (no cloak)
rCorr   .            (no gloves)
SInv    .            (no boots)
Will    .....        (no amulet) Stlth
                     h - ring of positive energy
HPRegen 0.31/turn    v - +6 ring of dexterity
MPRegen 0.10/turn

%: no passive effects
@: mighty
A: horns 2, retaliatory headbutt
a: Renounce Religion, Potion Petition, Call Merchant, Bribe Branch


You were on level 7 of the Dungeon.
You worshipped Gozag.
Gozag was aware of your devotion.
You visited 2 branches of the dungeon, and saw 8 of its levels.

You collected 347 gold pieces.
You paid 105 gold pieces to Gozag.

Inventory:

Hand Weapons
 a - a +0 war axe (weapon)
Armour
 l - a +2 hat (worn)
 p - a +0 chain mail (worn)
 u - a +0 tower shield (worn)
Jewellery
 h - a ring of positive energy (left hand)
 n - a ring of wizardry
 v - a +6 ring of dexterity (right hand)
 w - a ring of see invisible
Scrolls
 c - a scroll of blinking {unknown}
 e - 2 scrolls of silence
 g - a scroll of identify
 j - 2 scrolls of amnesia
 m - a scroll of poison {unknown}
 o - a scroll of fog
 q - a scroll of vulnerability {unknown}
 t - 2 scrolls of enchant armour {unknown}
 x - a scroll of torment {unknown}
 y - a scroll of immolation {unknown}
 z - a scroll of magic mapping {unknown}
Potions
 b - a potion of berserk rage {unknown}
 f - 2 potions of degeneration
 i - a potion of mutation {unknown}
 k - 2 potions of flight
 r - a potion of haste {unknown}
 s - 4 potions of heal wounds {unknown}


   Skills:
 + Level 5.5 Fighting
 + Level 9.0 Axes
 + Level 7.3 Armour
 + Level 2.3 Dodging
 + Level 0.4 Stealth
 + Level 7.7 Shields


You had 7 spell levels left.
You didn't know any spells.
Your spell library contained the following spells:

 Spells                   Type           Power      Damage    Failure   Level
 Beastly Appendage        Tmut           0%         N/A       100%        1
 Wereblood                Tmut           0%         N/A       100%        2
 Spider Form              Tmut/Pois      0%         N/A       100%        3


Dungeon Overview and Level Annotations

Branches:
Dungeon (7/15)             Temple (1/1) D:5

Altars:
Ashenzari
Dithmenos
Fedhas
Gozag
Hepliaklqana
Makhleb
Nemelex Xobeh
Okawaru
Qazlal
Ru
Sif Muna
Trog
Uskayaw
Vehumet
Wu Jian
Xom
Yredelemnul
The Shining One

Shops:
D:2 *


Innate Abilities, Weirdness & Mutations

You have a pair of horns on your head.
You reflexively headbutt those who attack you in melee.


Message History

* * * LOW HITPOINT WARNING * * *
The orc priest shouts!
The orc shouts!
You hit the orc priest.
You kill the orc priest!
You hear a shout!
The wight is no longer distracted by gold.
You hit the wight.
The wight is lightly damaged.
The wight is distracted by your dazzling golden aura. x2
You hear a shout!
You hit the wight but do no damage.
The wight is no longer distracted by gold.
The wight is lightly damaged.
You block the wight's attack.
An orc comes into view. It is wielding a +0 dagger.
The orc priest is distracted by your dazzling golden aura.
You closely miss the wight.
The orc priest shouts!
You headbutt the wight, but do no damage.
The wight is lightly damaged.
You hear a shout!
The wight is no longer distracted by gold.
The orc is no longer distracted by gold.
You block the orc's attack. You block the wight's attack.
You hit the wight.
You headbutt the wight, but do no damage.
The wight is moderately damaged.
You hit the wight but do no damage.
The orc hits you from afar with a +0 trident.
* * * LOW HITPOINT WARNING * * *
You block the wight's attack. The wight hits you with a +3 flail.
* * * LOW HITPOINT WARNING * * *
You block the orc's attack. You block the wight's attack.
An orc comes into view.
It is wielding a +0 dagger and wearing a +1 leather armour of willpower.
The wight hits you but does no damage.
You feel very mighty all of a sudden. You block the orc's attack.
The wight hits you but does no damage. The wight hits you with a +3 flail.
You die...
Your body crumbles into a pile of gold.

..#...........
#.......o...# ..
............# ... .
..........###..#. ...
#...#.oo...#....
.>#..##<..#...........
...........$..........
...........$$$........
............$@..#...
.#...........zz.......
#..........o......#..
#....###..........#
...... #<._.[⌠.._...
...... .$..........?..
................
........_....... $


You could see 2 wights, an orc priest and 3 orcs.

Vanquished Creatures
  Menkaure (D:4)
  3 water moccasins
  An orc warrior (D:7)
  2 phantoms (D:5)
  A bullfrog (D:6)
  A wight (D:7)
  2 jellies
  3 hounds
  3 orc priests
  A sleepcap (D:4)
  A gnoll bouda (D:6)
  3 iguanas
  Natasha (twice) (D:4)
  8 orc wizards
  12 gnolls
  10 adders
  A shadow imp (D:6)
  A white imp (D:6)
  2 ufetubi (D:6)
  An adder zombie (D:3)
  2 adder skeletons (D:3)
  5 worms
  2 dart slugs (D:2)
  27 orcs
  11 bats
  8 endoplasms
  A giant cockroach (D:1)
  7 goblins
  2 hobgoblins
  8 jackals
  9 quokkas
  10 ball pythons
  2 ball python skeletons (D:3)
  4 frilled lizards
  A giant cockroach zombie (D:3)
  A jackal skeleton (D:3)
  3 kobolds
  7 rats
169 creatures vanquished.

Notes
Turn   | Place    | Note
-------+----------+-------------------------------------------
     0 | D:1      | fireball365 the Minotaur Fighter began the quest for the
                  | Orb.
     0 | D:1      | Reached XP level 1. HP: 19/19 MP: 0/0
   203 | D:1      | Reached XP level 2. HP: 26/27 MP: 1/1
   755 | D:1      | Reached skill level 3 in Axes
   985 | D:2      | Found Vihuohe's Assorted Antiques.
   995 | D:2      | Reached XP level 3. HP: 30/33 MP: 2/2
  1157 | D:2      | Reached XP level 4. HP: 40/40 MP: 3/3
  1211 | D:2      | Identified the +2 scale mail "Xerupt" {*Corrode rPois rC-
                  | Int+8}
  1552 | D:3      | Reached skill level 1 in Dodging
  1858 | D:3      | Reached skill level 4 in Axes
  1866 | D:3      | Reached XP level 5. HP: 32/47 MP: 4/4
  2365 | D:4      | Reached skill level 5 in Armour
  2692 | D:4      | Reached skill level 5 in Axes
  2703 | D:4      | Reached XP level 6. HP: 18/53 MP: 5/5
  3118 | D:4      | Noticed Menkaure
  3137 | D:4      | HP: 2/53 [Menkaure/nerve-wracking pain (5)]
  3139 | D:4      | Killed Menkaure
  3525 | D:4      | Noticed Natasha
  3532 | D:4      | Killed Natasha
  3533 | D:4      | Reached skill level 5 in Shields
  3630 | D:4      | Reached XP level 7. HP: 48/60 MP: 6/6
  3704 | D:4      | Noticed Natasha
  3709 | D:4      | Killed Natasha
  3710 | D:4      | Reached skill level 6 in Axes
  3834 | D:5      | Entered Level 5 of the Dungeon
  4079 | D:5      | Reached skill level 7 in Axes
  4123 | D:5      | Found a staircase to the Ecumenical Temple.
  4177 | D:5      | Reached skill level 5 in Fighting
  4263 | Temple   | Entered the Ecumenical Temple
  4612 | D:5      | Reached XP level 8. HP: 61/68 MP: 7/7
  4669 | D:6      | Reached skill level 8 in Axes
  4695 | D:6      | HP: 3/68 [gnoll/+0 spear (5)]
  5312 | D:6      | Found an iron altar of Okawaru.
  5315 | D:6      | Found an opulent altar of Gozag.
  5320 | D:6      | Became a worshipper of Gozag Ym Sagoz the Greedy
  5325 | D:6      | Found a stormy altar of Qazlal.
  5440 | D:7      | Found a sparkling altar of Nemelex Xobeh.
  5440 | D:7      | Found a hide-covered altar of Uskayaw.
  5444 | D:7      | Found a shimmering altar of Xom.
  5452 | D:7      | Found a sacrificial altar of Ru.
  5463 | D:7      | Reached skill level 9 in Axes
  5468 | D:7      | HP: 1/69 [wight/+3 flail (4)]
  5469 | D:7      | Slain by a wight

Illustrated notes

Levels and vault maps discovered:
D:1:      nagdon_arrival_double_spiral, layout_loops_corners
D:2:      layout_rooms, serial_shops, nicolae_diamond_shop, serial_glass,
          glass_columns_b, glass_columns_c, chequers_serial_rivers_micro_a
D:3:      layout_rooms, serial_undead, serial_undead_a, serial_undead_c,
          serial_undead_d, serial_undead_f, corexii_hall_statues_t
D:4:      layout_loops_corners, gup_sewer_entry_bubbles, uniq_natasha,
          uniq_menkaure
D:5:      layout_gridville, temple_pool_b
D:6:      layout_rooms, grunt_temple_overflow_diamond, serial_aquarium,
          aquarium_bridge_straight [aquarium_subvault_bridge,
          aquarium_subvault_balcony, aquarium_subvault_bridge,
          aquarium_subvault_window], aquarium_window_1, aquarium_window_fake,
          aquarium_view_2c, aquarium_pool_S
D:7:      layout_cave_pools, grunt_temple_overflow_open, kennysheep_mini,
          serial_gnoll_camp, gnoll_camp_mini_sergeant, gnoll_camp_mini_hut,
          gnoll_camp_mini_shop, gnoll_camp_huts_basic, roderic_serpentine_path
Temple:   chequers_temple_sunken

Skill      XL: |  1  2  3  4  5  6  7  8 |
---------------+-------------------------+-----
Armour         | 4 5 6 7 |  7.3
Axes           | 3 4 5 7 9 |  9.0
Fighting       | 4 5 |  5.5
Dodging        | 1 2 |  2.3
Shields        | 4 5 6 7 |  7.7
Stealth        | |  0.4

Action                     |  1- 3 |  4- 6 |  7- 9 || total
---------------------------+-------+-------+-------++-------
  Melee: War axe           |    79 |   153 |   154 ||   386
         Headbutt          |    12 |    22 |    19 ||    53
    Use: Scroll            |       |     4 |     3 ||     7
         Potion            |       |     1 |     4 ||     5
 Armour: Scale mail        |    33 |    45 |       ||    78
         Chain mail        |       |    67 |   125 ||   192
  Dodge: Dodged            |    49 |    72 |    49 ||   170
  Block: Buckler           |    20 |    20 |       ||    40
         Tower shield      |       |    76 |   192 ||   268
